 Dungeon Crawl Stone Soup version 0.24-a0-439-g6dd8730de2 (webtiles) character file.

Game seed: 3075747972537345512

79 mhoghedin the Sneak (level 4, -2/25 HPs)
             Began as a Kobold Wizard on June 18, 2019.
             Slain by a worm (12 damage)
             ... on level 3 of the Dungeon.
             The game lasted 00:03:03 (3101 turns).

mhoghedin the Sneak (Kobold Wizard)                 Turns: 3101, Time: 00:03:03

Health: -2/25      AC:  3    Str:  4    XL:     4   Next: 62%
Magic:  18/18      EV: 15    Int: 20    God:
Gold:   85         SH:  0    Dex: 13    Spells: 1/9 levels left

rFire    . . .     SeeInvis .   i - +1 mace (crush)
rCold    . . .     Gourm    .   (shield restricted)
rNeg     . . .     Faith    .   a - +0 robe
rPois    .         Spirit   .   b - +0 hat
rElec    .         Reflect  .   e - +0 cloak
rCorr    .         Harm     .   (no gloves)
MR       .....                  (no boots)
Stlth    ++........             (no amulet)
HPRegen  0.08/turn              m - ring of magical power {MP+9}
MPRegen  0.16/turn              (no ring)

@: no status effects
A: small, carnivore
a: no special abilities


You were on level 3 of the Dungeon.
You were not hungry.

You visited 1 branch of the dungeon, and saw 3 of its levels.

You collected 85 gold pieces.

Inventory:

Hand Weapons
 c - a +0 dagger
   (You took it off a goblin on level 1 of the Dungeon)
 i - a +1 mace of crushing (weapon)
   (You found it on level 2 of the Dungeon)
Armour
 a - a +0 robe (worn)
 b - a +0 hat (worn)
 e - a +0 cloak (worn)
   (You found it on level 1 of the Dungeon)
 l - a +0 pair of boots
   (You found it on level 3 of the Dungeon)
Jewellery
 m - a ring of magical power (left hand) {MP+9}
   (You found it on level 3 of the Dungeon)
Scrolls
 f - a scroll of amnesia
 g - 2 scrolls of identify
 j - a scroll of magic mapping {unknown}
 k - 3 scrolls of teleportation {unknown}
 n - a scroll of immolation {unknown}
 p - a scroll of enchant armour {unknown}
Potions
 h - a potion of curing {unknown}
 o - a potion of haste {unknown}
Comestibles
 d - 4 rations


   Skills:
 - Level 1.4 Fighting
 - Level 1.9 Short Blades
 - Level 2.4 Dodging
 - Level 3.6 Stealth
 + Level 3.4 Spellcasting
 + Level 1.3 Conjurations
 + Level 1.3 Summonings
 + Level 1.4 Translocations
 + Level 0.7 Air Magic
 + Level 0.9 Poison Magic


You had one spell level left.
You knew the following spells:

 Your Spells              Type           Power        Failure   Level  Hunger
a - Magic Dart            Conj           #...         8%          1    None
b - Blink                 Tloc           N/A          12%         2    ##.....
c - Call Imp              Summ           #.......     12%         2    ##.....
x - Mephitic Cloud        Conj/Pois/Air  #.......     26%         3    ###....

Your spell library contained the following spells:

 Spells                   Type           Power        Failure   Level  Hunger
 Slow                     Hex            #.......     21%         2    ##.....
 Conjure Flame            Conj/Fire      #.......     30%         3    ###....


Dungeon Overview and Level Annotations

Branches:
Dungeon (3/15)

Altars:
Nemelex Xobeh
Wu Jian


Innate Abilities, Weirdness & Mutations

You are small and have problems with some larger weapons.
You are carnivorous and can eat meat at any time.


Message History

You see here 23 stones.
You see here 19 stones.
A bat comes into view.
A bat is nearby!
A bat is nearby!
The bat barely misses you.
You hit the bat.
You kill the bat!
No target in view!
No target in view!
No target in view!
No target in view!
No target in view!
No target in view!
No target in view!
No target in view!
No target in view!
No target in view!
No target in view! 2 goblins come into view.
There are monsters nearby!
The helpless goblin fails to defend itself.
You sock the goblin!
You kill the goblin!
Things that are here:
a +0 club; a goblin corpse The goblin shouts!
You hit the goblin.
You kill the goblin!
No target in view!
No target in view!
No target in view!
No target in view!
No target in view!
No target in view!
No target in view!
No target in view!
No target in view!
No target in view!
No target in view!
No target in view!
No target in view!
o - a lumpy puce potion;
p - a scroll labeled NUESUX FOPLI
Items here: ( ) [ † a +0 dagger; 8 stones; a +0 robe; a goblin corpse
Found a stone staircase leading down.
A dart slug comes into view.
An orc comes into view.
The dart slug launches a dart at you. The slug dart misses you.
The helpless orc fails to defend itself.
You sock the orc!
You kill the orc!
You hit the dart slug. The dart slug misses you.
You hit the dart slug. The dart slug closely misses you.
You sock the dart slug!
You kill the dart slug!
No target in view!
No target in view!
No target in view!
No target in view!
No target in view!
No target in view!
No target in view!
No target in view!
No target in view!
No target in view!
No target in view!
No target in view!
Things that are here:
a +0 leather armour; an orc corpse You butcher the orc corpse.
q - 2 chunks of flesh {@w0}
Things that are here:
a +0 leather armour; an orc skeleton Eating one of 2 chunks of flesh {@w0}.
You eat one of the 2 chunks of flesh {@w0}.
This raw flesh tastes great.
Eating a chunk of flesh {@w0}.
You eat the chunk of flesh {@w0}.
This raw flesh tastes great.
You now have 85 gold pieces (gained 11).
A worm comes into view.
A worm is nearby!
A worm is nearby!
The worm bites you.
You take 4 damage, and have 21/25 hp.
You hit the worm. The worm closely misses you.
You barely miss the worm. You hit the worm but do no damage.
The worm closely misses you.
You hit the worm. The worm barely misses you.
You hit the worm. The worm closely misses you.
You hit the worm. The worm misses you.
You hit the worm but do no damage. The worm bites you!
You take 9 damage, and have 13/25 hp.
MASSIVE DAMAGE!!
You hit the worm. The worm bites you.
You take 4 damage, and have 9/25 hp.
You hit the worm. You barely miss the worm. The worm bites you!
You die...

#.# #.# #. .. #.#
#. #.# #.# #. #..
#.# #.
#####.####.#######
#.................
#.####.###.#######
#.###.# #@.##.#
##### ##w##.#
##.≈≈### .##.#
..≈.≈≈≈## ..#.#
....≈≈≈≈# #.#.#
..≈≈≈≈≈≈# .#.#
..≈≈≈≈≈≈# .#.#
...≈≈≈≈≈# ..
..≈≈≈≈≈≈#


You could see a worm.

Vanquished Creatures
  Jessica (D:3)
  2 dart slugs
  A leopard gecko (D:1)
  An orc (D:3)
  A ball python (D:2)
  4 bats
  2 giant cockroaches
  5 hobgoblins
  2 jackals (D:2)
  2 kobolds (D:1)
  2 frilled lizards (D:2)
  7 goblins
  6 rats
36 creatures vanquished.

Vanquished Creatures (collateral kills)
  2 adders (D:3)
2 creatures vanquished.

Grand Total: 38 creatures vanquished

Notes
Turn   | Place    | Note
-------+----------+-------------------------------------------
     0 | D:1      | mhoghedin the Kobold Wizard began the quest for the Orb.
     0 | D:1      | Reached XP level 1. HP: 10/10 MP: 4/4
   229 | D:1      | Found a sparkling altar of Nemelex Xobeh.
   252 | D:1      | Reached skill level 3 in Stealth
   391 | D:1      | Reached skill level 1 in Short Blades
   391 | D:1      | Reached XP level 2. HP: 16/16 MP: 3/6
   553 | D:1      | Reached skill level 1 in Fighting
   850 | D:1      | Reached XP level 3. HP: 11/20 MP: 4/7
  1188 | D:2      | Learned a level 2 spell: Blink
  1191 | D:2      | Learned a level 2 spell: Call Imp
  1199 | D:2      | Learned a level 3 spell: Mephitic Cloud
  1502 | D:2      | Found an ornate altar of the Wu Jian Council.
  2607 | D:3      | Noticed Jessica
  2652 | D:3      | HP: 3/20 [Jessica/nerve-wracking pain (8)]
  2653 | D:3      | Killed Jessica
  2653 | D:3      | Reached XP level 4. HP: 4/25 MP: 4/9
  3101 | D:3      | Slain by a worm

Levels and vault maps discovered:
D:1:      roderic_octagonal_star, layout_basic, nemelex_diamond_rough_becter
D:2:      layout_basic, overflow_temple_1_default, first_ration
D:3:      layout_basic, nicolae_underground_beach, uniq_jessica

Skill      XL: |  1  2 |
---------------+-------+-----
Stealth        | 3 |  3.6
Short Blades   | 1 |  1.9
Fighting       | 1 |  1.4
Dodging        | |  2.4
Spellcasting   | |  3.4
Conjurations   | |  1.3
Summonings     | |  1.3
Translocations | |  1.4
Air Magic      | |  0.7
Poison Magic   | |  0.9

Action                   |  1- 3 |  4- 6 || total
-------------------------+-------+-------++-------
Melee: Dagger            |    65 |       ||    65
       Mace              |    22 |    17 ||    39
 Cast: Magic Dart        |    33 |     1 ||    34
       Call Imp          |     6 |       ||     6
  Use: Scroll            |     1 |       ||     1
 Stab: Sleeping          |     4 |     2 ||     6
  Eat: Chunk             |     7 |     2 ||     9
Armor: Robe              |    20 |       ||    20
Dodge: Dodged            |    70 |     9 ||    79

Table legend:
 A = Non-vault XP
 B = Vault XP
 C = Vault XP percentage of total XP
 D = Non-vault monster count
 E = Vault monster count
 F = Vault count percentage of total count
                 A         B        C        D         E       F
            +---------+---------+-------+---------+---------+-------
      Total |      78 |      35 |  31.0 |      37 |       1 |   2.6
            +---------+---------+-------+---------+---------+-------
        D:1 |      29 |       0 |   0.0 |      15 |       0 |   0.0
        D:2 |      20 |       0 |   0.0 |      14 |       0 |   0.0
        D:3 |      29 |      35 |  54.7 |       8 |       1 |  11.1
            +---------+---------+-------+---------+---------+-------

Levels and vault maps discovered:
D:1:      roderic_octagonal_star, layout_basic, nemelex_diamond_rough_becter
D:2:      layout_basic, overflow_temple_1_default, first_ration
D:3:      layout_basic, nicolae_underground_beach, uniq_jessica

Table legend:
 A = Turns spent in this place as a percentage of turns spent in the entire game.
 B = Non-inter-level travel turns spent in this place as a percentage of non-inter-level travel turns spent in the entire game.
 C = Inter-level travel turns spent in this place as a percentage of turns spent in this place.
 D = Turns resting spent in this place as a percentage of non-inter-level travel turns spent in this place.
 E = Turns spent auto-exploring this place as a percentage of non-inter-level travel turns spent in this place.
 F = Non-inter-level travel turns spent in this place divided by the number of levels of this place that you've seen.
                   A       B       C       D       E      F
               +-------+-------+-------+-------+-------+----------------------
         Total | 100.0 | 100.0 |   5.1 |  25.0 |  62.6 | 980.7
       Dungeon | 100.0 | 100.0 |   5.1 |  25.0 |  62.6 | 980.7
               +-------+-------+-------+-------+-------+----------------------

Table legend:
 A = Kills in this place as a percentage of kills in entire the game.
 B = Kills by you in this place as a percentage of kills by you in the entire game.
 C = Kills by friends in this place as a percentage of kills by friends in the entire game.
 D = Other kills in this place as a percentage of other kills in the entire game.
 E = Experience gained in this place as a percentage of experience gained in the entire game.
 F = Experience gained in this place divided by the number of levels of this place that you have seen.
                   A       B       C       D       E      F
               +-------+-------+-------+-------+-------+----------------------
         Total | 100.0 | 100.0 | 100.0 |   N/A | 100.0 |  37.7
       Dungeon | 100.0 | 100.0 | 100.0 |   N/A | 100.0 |  37.7
               +-------+-------+-------+-------+-------+----------------------
